Map: [TLMC20] Tokamak

Players

Vindicta - Winner!

  • Race: Terran Terran
  • League: Master
  • Spawn Location: 7:00

Cham

  • Race: Zerg Zerg
  • Spawn Location: 1:00

VOD

Have the link to the VOD?

Description

Time

  • Played on: April 28, 2025, 8 p.m.
  • Length: 12:25
Show
View Real Time Build Order
Export as new Build Order

Vindicta Terran - Winner!

Build Orders: Reaper Expand, Hellion Banshee 

Get SALT Encoding   

  12  0:00  SCV  
  13  0:12  SCV  
  14  0:16  Supply Depot  
  14  0:24  SCV  
  15  0:38  SCV  
  15  0:39  Barracks  
  16  0:43  Refinery  
  16  0:55  SCV  
  17  1:07  SCV  
  18  1:19  SCV  
  19  1:27  Reaper  
  19  1:31  Orbital Command  
  20  1:39  Command Center  
  20  1:52  Supply Depot  
  20  1:56  SCV  
  20  1:59  Marine  
  22  2:08  SCV  
  22  2:12  Factory  
  23  2:21  Barracks Reactor, SCV  
  24  2:33  SCV  
  25  2:45  SCV  
  25  2:46  Command Center  
  26  2:52  Orbital Command  
  26  2:57  SCV  
  27  3:01  Starport  
  27  3:06  Refinery  
  27  3:09  SCV  
  28  3:14  Barracks Tech Lab  
  28  3:17  SCV  
  29  3:21  SCV  
  29  3:22  Hellion  
  29  3:24  Hellion  
  34  3:29  SCV  
  34  3:33  SCV  
  36  3:41  SCV  
  36  3:43  Banshee  
  36  3:45  SCV, Hellion x2  
  36  3:46  Barracks Tech Lab  
  45  3:53  SCV  
  46  3:57  SCV  
  46  3:58  Supply Depot  
  46  4:01  Orbital Command  
  47  4:05  SCV  
  47  4:06  Stimpack  
  47  4:07  Marine  
  50  4:10  SCV  
  50  4:11  Hellion  
  50  4:13  Hellion  
  54  4:17  SCV  
  54  4:23  SCV  
  56  4:27  SCV  
  56  4:28  Supply Depot  
  56  4:30  SCV  
  58  4:35  SCV  
  58  4:37  Engineering Bay  
  58  4:38  Starport Reactor, Engineering Bay  
  59  4:40  SCV  
  59  4:43  Barracks  
  59  4:45  SCV  
  61  4:47  Barracks  
  61  4:48  SCV  
  61  4:51  Marine  
  61  4:52  SCV  
  64  4:56  Supply Depot  
  64  4:57  SCV  
  64  4:59  Refinery  
  63  5:00  SCV  
  63  5:01  Refinery  
  63  5:05  Siege Tank  
  63  5:06  Terran Infantry Weapons Level 1  
  67  5:07  SCV  
  67  5:09  SCV  
  67  5:12  Terran Infantry Armor Level 1, Marine  
  67  5:13  SCV  
  70  5:15  Supply Depot  
  70  5:23  SCV  
  70  5:25  SCV  
  73  5:28  Barracks  
  73  5:29  Barracks, Marine  
  73  5:31  Starport Reactor  
  73  5:35  SCV, Orbital Command  
  75  5:42  Supply Depot  
  75  5:45  SCV  
  75  5:46  Barracks, Marine  
  75  5:47  SCV, Barracks x2, Marine  
  79  5:51  Combat Shield  
  79  5:55  Siege Tank  
  81  5:57  Marine x2  
  81  6:03  Supply Depot, SCV  
  84  6:04  Supply Depot  
  84  6:05  SCV  
  84  6:06  Marine  
  84  6:07  Marine  
  84  6:11  Medivac  
  89  6:12  Medivac  
  89  6:13  Marine  
  89  6:16  SCV  
  94  6:19  Marine x2  
  94  6:21  Barracks Reactor x2  
  94  6:25  Missile Turret  
  95  6:27  Missile Turret, Siege Tank  
  95  6:29  Marine  
  95  6:30  Marine  
  100  6:34  Marine  
  100  6:35  Missile Turret, Marine  
  100  6:36  Marine  
  100  6:38  Marine  
  100  6:39  Marine  
  106  6:43  Medivac  
  106  6:45  Medivac  
  110  6:47  Marine  
  110  6:48  Marine  
  110  6:52  Marine  
  110  6:53  Marine x2  
  110  6:54  Supply Depot  
  115  6:56  Marine  
  115  6:57  Marine  
  117  7:06  Supply Depot, Marine  
  117  7:07  Supply Depot x2  
  117  7:08  Supply Depot  
  117  7:15  Marine x8  
  119  7:18  SCV  
  119  7:19  Supply Depot  
  120  7:23  Marine  
  120  7:25  Marine  
  120  7:28  Armory, Marine  
  123  7:31  Siege Tank  
  123  7:34  Marine x2  
  123  7:35  Marine x3  
  123  7:36  Marine x3  
  134  7:37  Marine  
  134  7:41  Marine  
  134  7:42  Medivac  
  134  7:43  Marine  
  133  7:46  Marine  
  121  7:52  SCV, Marine x2  
  121  7:53  Marine x4  
  121  7:54  Marine x2  
  121  7:55  Marine  
  123  7:58  Marine  
  123  7:59  Supply Depot  
  123  8:00  Medivac, Marine  
  123  8:01  SCV  
  123  8:03  Marine  
  125  8:09  Marine x2  
  125  8:11  Marine x4  
  125  8:12  Medivac, Marine  
  132  8:13  SCV  
  132  8:16  Marine  
  132  8:18  Marine  
  132  8:21  Marine  
  128  8:27  Marine x2  
  128  8:29  Marine x3  
  128  8:31  Supply Depot, Terran Infantry Weapons Level 2  
  128  8:32  Supply Depot, Terran Infantry Armor Level 2  
  123  8:34  Marine x2  
  123  8:39  Marine x2  
  123  8:40  Marine x2  
  123  8:41  Marine  
  120  8:45  Marine x2  
  120  8:46  Marine  
  120  8:47  Marine x2  
  121  8:54  Marine x2  
  112  8:57  Marine x2  
  112  8:58  Marine x3  
  112  9:02  Liberator  
  116  9:03  Marine x2  
  116  9:04  Marine x2, Siege Tank  
  116  9:07  Marine  
  124  9:12  Marine x2  
  124  9:13  Liberator  
  124  9:14  SCV  
  124  9:15  Marine x2  
  132  9:17  Marine x2  
  132  9:18  Marine  
  132  9:21  Marine x2  
  137  9:25  Marine  
  137  9:26  Marine x2  
  137  9:29  Marine  
  137  9:30  Marine  
  142  9:34  Marine  
  142  9:35  Marine  
  142  9:36  Marine x2  
  142  9:38  Marine x2  
  136  9:43  Marine  
  136  9:44  Marine x2  
  136  9:45  Medivac, Siege Tank  
  131  9:48  Marine x2  
  131  9:49  SCV  
  131  9:52  Marine x2  
  139  9:53  Marine  
  139  9:55  Marine x2  
  139  9:56  Liberator  
  139  9:57  Marine  
  139  9:58  Marine  
  147  10:01  Marine  
  147  10:02  Marine x2  
  147  10:06  Marine x2  
  150  10:10  Marine x2  
  150  10:11  Marine  
  150  10:12  SCV, Marine  
  150  10:13  Marine  
  155  10:14  Liberator  
  155  10:17  Marine  
  155  10:18  Marine  
  155  10:19  Marine, Siege Tank  
  152  10:24  Marine x3  
  152  10:25  Marine  
  152  10:27  Marine  
  149  10:30  Marine  
  149  10:31  Marine x2  
  149  10:35  Marine  
  152  10:37  Marine  
  152  10:41  Marine x2  
  152  10:42  Marine  
  151  10:43  Marine  
  151  10:45  Marine  
  151  10:50  Marine  
  151  10:51  Supply Depot, Siege Tank  
  151  10:52  Command Center  
  157  11:07  Marine x3  
  157  11:08  Marine  
  163  11:15  Marine x2  
  163  11:18  Marine  
  162  11:19  Marine x2  
  162  11:20  Liberator  
  162  11:21  Marine  
  162  11:22  Liberator  
  162  11:23  Siege Tank  
  170  11:27  Marine  
  170  11:32  Marine x2  
  172  11:34  Marine x3  
  172  11:36  Marine  
  172  11:37  Marine x2  
  179  11:40  Refinery x2  
  179  11:44  SCV  
  172  11:47  Marine, Marauder  
  172  11:52  Marine  
  152  11:55  Marine  
  152  11:56  Marine x3  
  152  11:59  Marine  
  152  12:00  Marine x2  
  162  12:02  Marine x2  
  162  12:06  SCV  
Show
View Real Time Build Order
Export as new Build Order

Cham Zerg 

Build Orders: Hatch First 

Get SALT Encoding   

  12  0:00  Drone  
  13  0:13  Overlord  
  13  0:17  Drone  
  14  0:32  Drone  
  14  0:33  Drone  
  16  0:48  Hatchery  
  15  0:50  Drone  
  15  0:55  Drone  
  17  0:59  Drone  
  18  1:11  Spawning Pool  
  17  1:13  Extractor  
  17  1:15  Drone  
  17  1:21  Drone  
  18  1:30  Drone  
  19  1:40  Drone  
  20  1:50  Drone  
  21  1:59  Queen  
  21  2:00  Queen  
  21  2:01  Zergling x2  
  26  2:02  Zergling x2  
  27  2:11  Drone  
  27  2:13  Overlord  
  28  2:34  Drone  
  28  2:35  Drone x3  
  32  2:37  Hatchery  
  31  2:46  Overlord  
  31  2:47  Drone  
  32  2:55  Queen, Metabolic Boost  
  32  2:56  Drone  
  35  2:59  Overlord  
  35  3:04  Drone  
  36  3:06  Drone  
  36  3:08  Drone x2  
  39  3:13  Drone x3  
  39  3:16  Drone  
  43  3:22  Queen  
  43  3:25  Overlord  
  45  3:28  Zergling x2  
  45  3:29  Zergling x2  
  47  3:38  Overlord  
  47  3:41  Queen  
  47  3:43  Zergling x2  
  47  3:45  Drone  
  51  3:49  Queen  
  51  3:50  Drone  
  51  3:51  Drone  
  55  3:57  Drone  
  55  4:00  Drone x2  
  59  4:02  Drone  
  59  4:03  Drone x2  
  61  4:12  Drone x3  
  64  4:17  Queen  
  64  4:20  Drone x2  
  64  4:21  Drone  
  64  4:23  Drone  
  70  4:25  Queen, Overlord  
  70  4:31  Lair, Spore Crawler, Drone  
  72  4:36  Spore Crawler  
  72  4:37  Spore Crawler  
  70  4:40  Baneling Nest  
  70  4:41  Drone x2  
  70  4:42  Drone  
  70  4:44  Drone  
  73  4:46  Drone x2  
  73  4:48  Overlord  
  73  4:50  Drone  
  76  4:53  Drone  
  76  4:55  Extractor  
  76  4:56  Queen, Extractor  
  76  4:59  Drone x2  
  79  5:00  Drone  
  79  5:01  Drone  
  79  5:06  Extractor  
  80  5:07  Extractor  
  80  5:10  Hatchery  
  80  5:12  Drone x3  
  80  5:13  Drone  
  82  5:14  Drone  
  82  5:18  Drone x2  
  82  5:19  Drone  
  82  5:20  Drone  
  87  5:26  Evolution Chamber  
  85  5:29  Evolution Chamber, Drone  
  85  5:30  Zergling x2  
  85  5:31  Zergling x8  
  85  5:33  Centrifugal Hooks  
  90  5:37  Overlord  
  90  5:40  Overseer  
  90  5:42  Overlord  
  90  5:43  Overlord x2  
  90  5:54  Zerg Ground Armor Level 1  
  90  5:55  Zerg Melee Weapons Level 1  
  90  5:56  Baneling x3  
  90  5:57  Baneling x2  
  90  6:00  Zergling x6  
  90  6:01  Zergling x2  
  90  6:03  Drone  
  90  6:04  Drone  
  96  6:06  Drone x2  
  96  6:07  Drone  
  96  6:09  Drone x2  
  96  6:10  Drone  
  102  6:11  Hatchery  
  102  6:14  Overlord  
  102  6:16  Drone  
  102  6:18  Baneling x3  
  102  6:19  Zergling x4  
  102  6:24  Drone  
  102  6:25  Drone x2  
  107  6:27  Overlord  
  107  6:29  Drone  
  107  6:30  Zergling x2  
  107  6:31  Baneling x3  
  107  6:32  Zergling x2  
  110  6:34  Drone  
  110  6:37  Hydralisk Den, Overlord, Drone  
  110  6:39  Zergling x6  
  115  6:40  Zergling x2  
  115  6:45  Zergling x8  
  119  6:49  Baneling x3  
  119  6:51  Overlord  
  119  6:52  Zergling x2  
  119  6:53  Zergling x4  
  122  6:55  Overlord  
  122  6:57  Overlord, Drone  
  122  6:58  Zergling x6  
  122  7:00  Baneling x2  
  122  7:01  Baneling  
  126  7:04  Zergling x2  
  126  7:06  Zergling x2  
  126  7:07  Zergling x6  
  126  7:08  Baneling x3  
  131  7:09  Grooved Spines  
  131  7:10  Hydralisk  
  131  7:16  Baneling  
  131  7:17  Baneling x2  
  131  7:22  Hydralisk x7  
  128  7:23  Zergling x4  
  141  7:33  Hydralisk x2, Zergling x2, Baneling x2  
  141  7:34  Zergling x4  
  141  7:36  Baneling x2  
  144  7:37  Zergling x4  
  144  7:38  Zergling x2  
  143  7:50  Hydralisk  
  143  7:51  Hydralisk x3  
  122  7:52  Zergling x24  
  130  7:58  Hydralisk  
  130  7:59  Zergling x2  
  130  8:00  Muscular Augments, Zergling x6  
  130  8:04  Hydralisk x2, Zergling x2  
  133  8:09  Hydralisk x2  
  133  8:10  Zergling x2  
  132  8:15  Zergling x4  
  121  8:20  Hydralisk x2  
  121  8:21  Zergling x4  
  121  8:22  Zergling x4  
  116  8:31  Hydralisk x3  
  116  8:32  Hydralisk  
  116  8:33  Zergling x2  
  116  8:34  Zergling x14  
  121  8:39  Hydralisk x2  
  114  8:43  Hydralisk  
  111  8:49  Hydralisk  
  111  8:50  Zergling x8  
  103  8:56  Zergling x6  
  103  8:58  Queen x3  
  111  9:03  Baneling x7  
  111  9:05  Zergling x4  
  113  9:10  Baneling x3  
  113  9:11  Zergling x8  
  113  9:15  Zergling x2  
  113  9:16  Zergling x8  
  122  9:21  Baneling  
  122  9:22  Baneling x4  
  122  9:23  Zergling x2  
  122  9:24  Zergling x10  
  125  9:28  Zergling x4  
  125  9:30  Zergling x2  
  128  9:35  Hydralisk x3  
  128  9:36  Zergling x6  
  133  9:39  Zergling x2, Baneling x2  
  133  9:42  Zergling x2  
  123  9:46  Baneling x4  
  123  9:47  Zergling x6  
  123  9:50  Baneling x2  
  123  9:51  Baneling  
  123  9:52  Zergling x2  
  126  9:53  Baneling  
  126  9:55  Zergling x4  
  126  9:56  Zergling x2  
  126  9:57  Baneling x2  
  126  9:58  Zergling x2  
  130  10:00  Zergling x2  
  130  10:02  Baneling  
  130  10:03  Baneling  
  130  10:04  Zergling x4  
  130  10:06  Zergling x2  
  130  10:07  Zergling x2  
  127  10:15  Zergling x4  
  127  10:16  Zergling x2  
  127  10:17  Zergling x4  
  127  10:19  Hydralisk  
  127  10:20  Hydralisk, Zergling x4  
  127  10:21  Zergling x2  
  136  10:24  Zergling x8  
  136  10:27  Zergling x4  
  135  10:31  Zergling x4  
  133  10:36  Baneling x4  
  133  10:39  Hydralisk x4  
  133  10:40  Zergling x2  
  133  10:41  Zergling x2  
  133  10:42  Baneling  
  128  10:43  Baneling  
  128  10:47  Zergling x4  
  130  10:53  Baneling x3  
  130  10:56  Hydralisk, Zergling x4  
  132  10:57  Queen  
  132  11:00  Zergling x4  
  132  11:02  Zergling x4  
  135  11:04  Hydralisk x2  
  135  11:05  Zergling x4  
  135  11:06  Baneling  
  135  11:08  Zergling x4  
  139  11:12  Baneling x2  
  139  11:13  Baneling  
  139  11:14  Zergling x2  
  139  11:17  Zergling x4  
  142  11:20  Baneling x3  
  142  11:21  Hydralisk  
  142  11:22  Zergling x10  
  142  11:24  Baneling  
  142  11:25  Baneling  
  148  11:28  Baneling x2  
  148  11:31  Zergling x2  
  148  11:32  Zergling x10  
  153  11:38  Zergling x2  
  138  11:48  Zergling x2  
  138  11:49  Zergling x6  
  138  11:51  Zergling x4  
  116  11:54  Hydralisk x3  
  116  11:55  Zergling x2  
  116  11:57  Baneling x4  
  116  11:58  Baneling x3  
  116  11:59  Zergling x4  
  116  12:01  Zergling x2  
  124  12:03  Baneling  
  124  12:04  Zergling x6, Baneling x2  
Tags
 
Add a new tag
Caveats
  • Supply blocks, unpowered buildings, or Contaminate may cause inaccurate times.
  • Supply counts are checked every 10 seconds.